 Dungeon Crawl Stone Soup version 0.29.1-12-g30fa7ad0bf (webtiles) character file.

Game seed: 9929550821668876424

1223 nachturnus the Slasher (level 8, -2/52 HPs)
             Began as a Human Necromancer on Dec 31, 2022.
             Was an Initiate of Dithmenos.
             Slain by an ogre
             ... wielding a +0 giant spiked club
              (12 damage)
             ... on level 6 of the Dungeon.
             The game lasted 00:50:06 (8026 turns).

nachturnus the Slasher (Human Necromancer)          Turns: 8026, Time: 00:50:06

Health: -2/52      AC:  7    Str:  9    XL:     8   Next: 76%
Magic:  11/11      EV: 12    Int: 15    God:    Dithmenos [......]
Gold:   13         SH:  0    Dex: 16    Spells: 7/11 levels left

rFire   . . .      SeeInvis .   j - +3 long sword
rCold   . . .      Faith    .   (no shield)
rNeg    . . .      Spirit   .   i - +1 leather armour
rPois   .          Reflect  .   x - +0 helmet
rElec   .          Harm     .   w - +0 cloak
rCorr   +          Rampage  .   (no gloves)
Will    .....                   (no boots)
Stlth   ++........              (no amulet)
HPRegen 0.17/turn               r - ring of resist corrosion
MPRegen 0.12/turn               p - +4 ring of protection

@: corroded
A: no striking features
a: Renounce Religion


You were on level 6 of the Dungeon.
You worshipped Dithmenos.
Dithmenos was noncommittal.
You visited 2 branches of the dungeon, and saw 7 of its levels.

You collected 334 gold pieces.
You spent 321 gold pieces at shops.

Inventory:

Hand Weapons
 c - a +1 short sword
 e - a +0 dagger
 j - a +3 long sword (weapon)
 l - the +1 rapier "Hydrabane" {holy, *Noise Int+5}
   (You found it on level 2 of the Dungeon)

   It has been blessed by the Shining One to cause great damage to the undead
   and demons.
   Int:       It affects your intelligence (+5).
   *Noise:    It may make noises in combat.
Armour
 a - a +0 robe
 d - a scarf of shadows
 h - a +0 ring mail
 i - a +1 leather armour (worn)
 m - a +0 scale mail
 u - a +0 cloak
 w - a +0 cloak (worn)
 x - a +0 helmet (worn)
Jewellery
 p - a +4 ring of protection (right hand)
 r - a ring of resist corrosion (left hand)
 t - a ring of protection from fire
Wands
 s - a wand of roots (10)
Scrolls
 g - 3 scrolls of poison
 k - 2 scrolls of teleportation
 y - a scroll of fear
 z - a scroll of blinking {unknown}
Potions
 b - a potion of magic
 f - 2 potions of flight
 n - 2 potions of might {unknown}
 o - a potion of heal wounds {unknown}
 q - 4 potions of attraction
 v - a potion of invisibility {unknown}
 A - a potion of ambrosia {unknown}


   Skills:
 - Level 4.1(5.6) Short Blades
 - Level 5.8(6.4) Long Blades
 + Level 5.6 Armour
 - Level 2.0 Dodging
 - Level 2.0 Stealth
 - Level 2.0 Spellcasting
 - Level 5.0 Necromancy


You had 7 spell levels left.
You knew the following spells:

 Your Spells              Type           Power      Damage    Failure   Level
a - Necrotise             Necr           64%        1d7       3%          1
b - Vampiric Draining     Necr           16%        2d7       11%         3

Your spell library contained the following spells:

 Spells                   Type           Power      Damage    Failure   Level
 Freeze                   Ice            4%         1d3       28%         1
 Slow                     Hex            4%         N/A       28%         1
 Animate Dead             Necr           16%        N/A       36%         4
 Frozen Ramparts          Ice            2%         1d1       65%         3
 Agony                    Necr           16%        N/A       71%         5
 Cause Fear               Hex            0%         N/A       96%         4
 Hailstorm                Conj/Ice       1%         3d3       96%         4
 Dragon Form              Tmut           0%         N/A       100%        7
 Dragon's Call            Summ           0%         N/A       100%        9


Dungeon Overview and Level Annotations

Branches:
Dungeon (6/15)             Temple (1/1) D:5

Altars:
Ashenzari
Cheibriados
Dithmenos
Elyvilon
Fedhas
Gozag
Hepliaklqana
Kikubaaqudgha
Makhleb
Nemelex Xobeh
Okawaru
Qazlal
Ru
Sif Muna
Trog
Vehumet
Wu Jian
Xom
Yredelemnul
Zin
The Shining One

Shops:
D:1 *   D:5 =:*([


Message History

a +0 giant club; an ogre corpse You slash the hound!
The hound is severely wounded.
The hound bites you. The hound bites you but does no damage.
You barely miss the hound.
The hound is severely wounded.
The hound closely misses you.
You miss the hound.
The hound is severely wounded.
The hound bites you but does no damage. x2
You hit the hound.
You kill the hound!
Dithmenos accepts your kill.
You barely miss the jelly. The jelly hits you but does no damage.
You slash the jelly!
Your hands burn!
The jelly is heavily wounded.
The jelly hits you but does no damage.
You barely miss the jelly.
The jelly is heavily wounded.
The jelly hits you. The acid corrodes you!
You are splashed with acid.
You resist.
You slash the jelly!
You kill the jelly!
Dithmenos accepts your kill.
You hit the ogre but do no damage.
The ogre hits you with a +0 giant spiked club!!
Ouch! That really hurt!
You hit the ogre.
The ogre is lightly wounded.
The ogre closely misses you.
You hit the ogre.
The ogre is moderately wounded.
You completely miss the ogre.
The ogre is moderately wounded.
The ogre hits you with a +0 giant spiked club!
* * * LOW HITPOINT WARNING * * *
You hit the ogre but do no damage.
The ogre is moderately wounded.
The ogre hits you with a +0 giant spiked club!
You die...

.....#####
#O..#.......#.....
.........#
#...#.......#.....
.....###.#
#.J.#.......#..... .#####
#.# #...#....†..#....# .#
#.#######...........'.....
.#
#.##....###.#########....#
.# #.##.##.# #.# ###### .#
###.##.##.###.# .#
#...##.##..@O.# .#
#.####.######## .#
#......# .# ######## .# .#
.# .# <#


You could see an ogre.

Vanquished Creatures
  A water moccasin (D:6)
  2 ogres (D:6)
  2 phantoms (D:6)
  A centaur (D:5)
  2 scorpions (D:5)
  2 killer bees
  2 orc priests
  A jelly (D:6)
  4 hounds
  4 orc wizards
  A gnoll (D:3)
  7 adders
  A worm (D:5)
  The ghost of Gadrel the Sneak, a weakling MiDe (D:4)
  9 orcs
  8 bats
  9 endoplasms
  5 giant cockroaches
  8 hobgoblins
  A jackal (D:3)
  9 quokkas
  2 ball pythons
  13 frilled lizards
  9 goblins
  10 kobolds
  5 rats
119 creatures vanquished.

Vanquished Creatures (collateral kills)
  An orc (D:3)
  A hobgoblin (D:3)
  2 frilled lizards (D:3)
4 creatures vanquished.

Vanquished Creatures (others)
  5 plants (D:3)
5 creatures vanquished.

Grand Total: 128 creatures vanquished

Notes
Turn   | Place    | Note
-------+----------+-------------------------------------------
     0 | D:1      | nachturnus the Human Necromancer began the quest for the
                  | Orb.
     0 | D:1      | Reached XP level 1. HP: 13/13 MP: 3/3
   120 | D:1      | Reached XP level 2. HP: 18/19 MP: 0/5
   513 | D:1      | Reached XP level 3. HP: 24/24 MP: 1/6
   573 | D:1      | Found a faded altar of an unknown god.
   577 | D:1      | Got Plato's Codex of Fascination
   643 | D:1      | Found Uxakoekh's General Store.
   700 | D:1      | Bought a potion of curing for 42 gold pieces
   972 | D:2      | Reached skill level 5 in Necromancy
  1098 | D:2      | Learned a level 3 spell: Vampiric Draining
  1113 | D:2      | Reached skill level 1 in Short Blades
  1153 | D:2      | Reached XP level 4. HP: 30/30 MP: 3/7
  1280 | D:2      | Identified the +1 rapier "Hydrabane" {holy, *Noise Int+5}
  1899 | D:3      | Found an iron altar of Okawaru.
  2404 | D:3      | Reached XP level 5. HP: 35/35 MP: 8/8
  3148 | D:4      | Found a runed translucent gate.
  3151 | D:4      | Found a runed translucent gate.
  3153 | D:4      | Found a runed translucent gate.
  3154 | D:4      | Noticed Gadrel's ghost (weakling MiDe)
  3191 | D:4      | Killed Gadrel's ghost
  3996 | D:4      | Reached skill level 1 in Armour
  3996 | D:4      | Reached XP level 6. HP: 41/41 MP: 4/9
  4376 | D:5      | Entered Level 5 of the Dungeon
  4376 | D:5      | Found a staircase to the Ecumenical Temple.
  4677 | D:5      | Found Xorar's Weapon Shoppe.
  4687 | D:5      | Bought a +0 long sword for 45 gold pieces
  4746 | D:5      | Reached skill level 1 in Long Blades
  5033 | D:5      | Reached XP level 7. HP: 46/46 MP: 5/10
  5057 | D:5      | Found a broken altar of Ashenzari.
  5060 | D:5      | Found an ancient bone altar of Kikubaaqudgha.
  5063 | D:5      | Found a bloodstained altar of Trog.
  5066 | D:5      | Found a sparkling altar of Nemelex Xobeh.
  5356 | Temple   | Entered the Ecumenical Temple
  5734 | Temple   | Became a worshipper of Dithmenos the Shadowed
  5909 | D:5      | Found Nufuuf Zas's General Store.
  5917 | D:5      | Found Ysanen's Jewellery Shop.
  5947 | D:5      | Found Mueni's Book Emporium.
  6340 | D:5      | Found Balodit's Antique Armour Shoppe.
  6447 | D:5      | Bought a cloak for 117 gold pieces
  6626 | D:5      | Noticed a shadow
  6753 | D:6      | Reached skill level 5 in Long Blades
  6875 | D:6      | Noticed a water moccasin
  6880 | D:6      | Killed a water moccasin
  6881 | D:6      | Reached XP level 8. HP: 34/52 MP: 1/11
  7103 | D:5      | Bought a helmet for 117 gold pieces
  7838 | D:6      | Reached skill level 5 in Armour
  8026 | D:6      | Slain by an ogre

Illustrated notes

Levels and vault maps discovered:
D:1:      evilmike_arrival_fibonacci_small, layout_loops_ring,
          shapermc_ecumenical_altar_rom_forum, serial_shops,
          nicolae_shop_hallway_stairs, serial_bayou_pond_d
D:2:      layout_loops_cross
D:3:      cheibrodos_old_hovel, layout_loops_corners, okawaru_altar_gauntlet_db,
          minmay_lizard_king
D:4:      layout_basic, gammafunk_ghost_split
D:5:      layout_loops_ring, grunt_temple_overflow_cloverleaf,
          minmay_temple_entry_grid, serial_shops, shop, shop,
          nicolae_diamond_shop, nicolae_shop_crystal, nicolae_shop_stone,
          portal_sewer_entry_f, dreamdust_mushroom_princess
D:6:      minmay_evil_eye, layout_basic, grunt_potential
Temple:   regret_index_temple_sphere_string

Skill      XL: |  1  2  3  4  5  6  7  8 |
---------------+-------------------------+-----
Necromancy     | 5 |  5.0
Short Blades   | 1 2 4 |  4.1
Armour         | 1 2 5 |  5.6
Long Blades    | 2 5 |  5.8
Dodging        | |  2.0
Stealth        | |  2.0
Spellcasting   | |  2.0

Action                   |  1- 3 |  4- 6 |  7- 9 || total
-------------------------+-------+-------+-------++-------
Melee: Unarmed           |     2 |       |       ||     2
       Dagger            |    10 |       |       ||    10
       Short sword       |     4 |     1 |       ||     5
       Rapier            |       |    85 |       ||    85
       Long sword        |       |    10 |    86 ||    96
 Cast: Necrotise         |    54 |    64 |    34 ||   152
       Vampiric Draining |       |     2 |     7 ||     9
  Use: Scroll            |     1 |    11 |     4 ||    16
       Potion            |       |     2 |       ||     2
 Stab: Sleeping          |     1 |     2 |       ||     3
       Distracted        |     1 |     1 |     1 ||     3
Armor: Robe              |     5 |    29 |       ||    34
       Leather armour    |       |     3 |    58 ||    61
Dodge: Dodged            |    17 |    82 |    67 ||   166
